 Dungeon Crawl Stone Soup version 0.29.1-1-gd02db6906a (webtiles) character file.

Game seed: 4636076789945483467

5891 Araneus the Basher (level 10, -6/74 HPs)
             Began as a Demonspawn Fighter on Oct 1, 2022.
             Was an Elder of Okawaru.
             Mangled by a steam dragon (7 damage)
             ... on level 8 of the Dungeon.
             The game lasted 00:26:49 (10010 turns).

Araneus the Basher (Demonspawn Fighter)            Turns: 10010, Time: 00:26:51

Health: -6/74      AC: 14    Str: 21    XL:     10   Next: 53%
Magic:  14/14      EV:  5    Int:  9    God:    Okawaru [****..]
Gold:   437        SH:  5    Dex: 13    Spells: 9/9 levels left

rFire   . . .      SeeInvis .   x - +2 morningstar (freeze)
rCold   . . .      Faith    .   c - +0 buckler
rNeg    . . .      Spirit   .   s - +0 plate armour
rPois   +          Reflect  .   (helmet restricted)
rElec   .          Harm     .   (no cloak)
rCorr   .          Rampage  .   (no gloves)
Will    .....                   t - +2 pair of boots
Stlth   ..........              (no amulet)
HPRegen 0.22/turn               g - ring of poison resistance
MPRegen 0.28/turn               (no ring)

@: mighty, lethally poisoned (-6 -> -13), invisible
A: antennae 2, claws 2, magic regeneration
a: Renounce Religion, Heroism, Finesse


You were on level 8 of the Dungeon.
You worshipped Okawaru.
Okawaru was greatly pleased with you.
You visited 2 branches of the dungeon, and saw 9 of its levels.
You also visited: Ossuary.

You collected 437 gold pieces.

Inventory:

Hand Weapons
 x - a +2 morningstar of freezing (weapon)
Armour
 c - a +0 buckler (worn)
 s - a +0 plate armour (worn)
 t - a +2 pair of boots (worn)
Jewellery
 g - a ring of poison resistance (left claw)
Wands
 a - a wand of iceblast (7)
 b - a wand of paralysis (20)
 o - a wand of mindburst (6)
Scrolls
 e - a scroll of fog
 h - 2 scrolls of identify
 j - a scroll of blinking
 r - 2 scrolls of magic mapping
 v - a scroll of poison
Potions
 d - a potion of might
 f - a potion of mutation
 i - a potion of magic
 l - 4 potions of curing
 w - a potion of flight


   Skills:
 + Level 5.1 Fighting
 + Level 11.1 Maces & Flails
 + Level 3.5 Armour
 * Level 5.7 Shields
 * Level 5.8 Invocations
 * Level 5.7 Evocations


You had 9 spell levels left.
You didn't know any spells.
Your spell library contained the following spells:

 Spells                   Type           Power      Damage    Failure   Level
 Beastly Appendage        Tmut           0%         N/A       100%        1
 Necrotise                Necr           0%         1d4       100%        1
 Blink                    Tloc           0%         N/A       100%        2
 Sublimation of Blood     Necr           0%         N/A       100%        2
 Wereblood                Tmut           0%         N/A       100%        2
 Conjure Flame            Conj/Fire      0%         6-21      100%        3
 Ignite Poison            Fire/Tmut/Pois 0%         N/A       100%        3
 Mephitic Cloud           Conj/Pois/Air  0%         N/A       100%        3
 Portal Projectile        Hex/Tloc       0%         N/A       100%        3
 Spider Form              Tmut/Pois      0%         N/A       100%        3
 Vampiric Draining        Necr           0%         2d6       100%        3
 Leda's Liquefaction      Hex/Erth       0%         N/A       100%        4
 Petrify                  Tmut/Erth      0%         N/A       100%        4
 Sticky Flame             Conj/Fire      0%         2d3       100%        4
 Agony                    Necr           0%         N/A       100%        5
 Freezing Cloud           Conj/Ice/Air   0%         6-21      100%        5
 Irradiate                Conj/Tmut      0%         3d11      100%        5
 Manifold Assault         Tloc           0%         N/A       100%        5
 Storm Form               Tmut/Air       0%         N/A       100%        7
 Call Canine Familiar     Summ           Unusable   N/A       N/A         3

Dungeon Overview and Level Annotations

Branches:
Dungeon (8/15)             Temple (1/1) D:6            Lair (0/5) D:8
Ossuary (visited)

Altars:
Ashenzari
Cheibriados
Dithmenos
Fedhas
Gozag
Kikubaaqudgha
Makhleb
Nemelex Xobeh
Okawaru
Qazlal
Ru
Sif Muna
Trog
Uskayaw
Wu Jian
Xom
Yredelemnul

Shops:
D:2 !

Annotations:
D:8 1 runed translucent door


Innate Abilities, Weirdness & Mutations

You have a pair of antennae on your head.
You have very sharp fingernails.
You regenerate magic rapidly.


Message History

Items here: ( ) †††.
You impale the orc priest!! You freeze the orc priest.
You kill the orc priest!
Okawaru accepts your kill.
You hit the yak but do no damage. You puncture the yak! You freeze the yak!
The yak is heavily wounded.
You feel like a meek peon again. The yak gores you.
* * * LOW HITPOINT WARNING * * *
You hit the yak. You freeze the yak.
The yak is severely wounded.
The yak gores you.
* * * LOW HITPOINT WARNING * * *
You sock the yak! You freeze the yak.
You kill the yak!
Okawaru accepts your kill. The water moccasin bites you.
* * * LOW HITPOINT WARNING * * *
Okay, then.
You fade into invisibility!
You block the water moccasin's attack. The water moccasin bites you.
* * * LOW HITPOINT WARNING * * *
You are lethally poisoned!
The water moccasin poisons you!
You thump the water moccasin!
The water moccasin seems to slow down.
You freeze the water moccasin.
The water moccasin is severely wounded.
* * * LOW HITPOINT WARNING * * *
You feel very sick. You block the water moccasin's attack.
You strike the helpless water moccasin from behind!
You bludgeon the water moccasin!! You freeze the water moccasin.
You kill the water moccasin!
Okawaru accepts your kill.
* * * LOW HITPOINT WARNING * * *
You feel very sick. The steam dragon bites you!
You die...

........# >. ##### #..####.#
# #..# .# #..# ######## #..#
...... ..##### #...
#.###...## ........ ##...
........# #.♣...#### ###
#...####.........# ####
#@Y))).........P.# ...#
##D##......$...{P. ...#
#.##.........P{.. ...# #####
#.#.........♣.{.. #.## #...#
#.#............?P #.# #._.#
#.#.......>...{.. #.#
####...#####.#..............
..#
#..#####..##.#..............
### #.........##.# ....♣..


You could see a yak (unable to see you) and a steam dragon (unable to see you).

Vanquished Creatures
  A gargoyle (D:7)
  A hornet (D:6)
  A wraith (D:6)
  3 yaks (D:8)
  3 wyverns (D:8)
  A basilisk (D:8)
  Menkaure (D:4)
  3 water moccasins
  A black bear (D:6)
  An ice beast (D:7)
  An orc warrior (D:8)
  2 ogres (D:7)
  2 centaurs
  A phantom (D:5)
  3 kobold brigands
  A gnoll sergeant (D:6)
  3 bullfrogs
  3 necrophages (D:4)
  2 elf skeletons (D:7)
  5 scorpions
  6 wights
  9 killer bees
  A howler monkey (D:4)
  4 crimson imps (D:6)
  3 jellies
  4 centaur zombies (Ossuary)
  4 human zombies
  9 orc priests
  Ijyb (D:3)
  2 iguanas
  7 orc wizards
  2 human skeletons
  2 hound zombies (Ossuary)
  3 mummies (Ossuary)
  8 gnolls
  6 adders
  A shadow imp (D:6)
  4 white imps
  4 adder zombies (Ossuary)
  3 dart slugs
  19 orcs
  12 endoplasms
  8 giant cockroaches
  6 goblins
  4 hobgoblins
  28 kobolds
  A quokka (D:1)
  10 ball pythons
  4 bats (D:1)
  3 frilled lizards
  2 goblin zombies (Ossuary)
  5 hobgoblin zombies (Ossuary)
  4 jackal zombies (Ossuary)
  A kobold skeleton (D:8)
  A kobold zombie (Ossuary)
  An orc skeleton (D:7)
  2 orc zombies (Ossuary)
  8 quokka zombies (Ossuary)
  5 rats
  A rat zombie (Ossuary)
247 creatures vanquished.

Vanquished Creatures (others)
  A bush (D:8)
  7 fungi (D:8)
  19 plants (D:8)
27 creatures vanquished.

Grand Total: 274 creatures vanquished

Notes
Turn   | Place    | Note
-------+----------+-------------------------------------------
     0 | D:1      | Araneus the Demonspawn Fighter began the quest for the Orb.
     0 | D:1      | Reached XP level 1. HP: 18/18 MP: 1/1
    21 | D:1      | Reached skill level 2 in Maces & Flails
   196 | D:1      | Discovered your monstrous ancestry.
   196 | D:1      | Gained mutation: You have a pair of small antennae on your
                  | head. [demonic ancestry]
   196 | D:1      | Reached XP level 2. HP: 24/24 MP: 2/2
   390 | D:1      | Found a faded altar of an unknown god.
   493 | D:1      | Reached skill level 3 in Maces & Flails
   954 | D:2      | Gained mutation: You regenerate magic rapidly. [demonic
                  | ancestry]
   954 | D:2      | Reached XP level 3. HP: 29/29 MP: 3/3
  1472 | D:2      | Found Seega's Distillery.
  1852 | D:3      | Found a bloodstained altar of Trog.
  1854 | D:3      | Noticed Ijyb
  1863 | D:3      | Paralysed by Ijyb for 2 turns
  1869 | D:3      | Killed Ijyb
  1870 | D:3      | Reached skill level 4 in Maces & Flails
  1870 | D:3      | Gained mutation: You have a pair of antennae on your head.
                  | [demonic ancestry]
  1870 | D:3      | Reached XP level 4. HP: 35/35 MP: 4/4
  2628 | D:4      | Noticed Menkaure
  2631 | D:4      | Noticed a necrophage
  2639 | D:4      | Killed Menkaure
  2640 | D:4      | Reached skill level 5 in Maces & Flails
  2640 | D:4      | Gained mutation: You have sharp fingernails. [demonic
                  | ancestry]
  2640 | D:4      | Reached XP level 5. HP: 6/41 MP: 5/5
  2647 | D:4      | HP: 1/41 [necrophage (3)]
  2655 | D:4      | Reached XP level 6. HP: 31/47 MP: 6/6
  2671 | D:4      | Found an iron altar of Okawaru.
  2689 | D:4      | Became a worshipper of Warmaster Okawaru
  2839 | D:4      | Reached skill level 6 in Maces & Flails
  2882 | D:4      | HP: 2/70 [iguana (10)]
  2884 | D:4      | Reached skill level 1 in Evocations
  3548 | D:5      | Entered Level 5 of the Dungeon
  3584 | D:5      | Reached XP level 7. HP: 52/52 MP: 7/7
  3720 | D:5      | Reached * piety under Okawaru
  3721 | D:5      | Reached skill level 7 in Maces & Flails
  3774 | D:5      | Found an opulent altar of Gozag.
  4425 | D:6      | Found a stormy altar of Qazlal.
  4666 | D:6      | Reached skill level 8 in Maces & Flails
  4666 | D:6      | Reached XP level 8. HP: 52/58 MP: 8/8
  4725 | D:6      | Reached ** piety under Okawaru
  5013 | D:6      | Noticed a hornet
  5021 | D:6      | Killed a hornet
  5029 | D:6      | Found a staircase to the Ecumenical Temple.
  5041 | D:6      | Reached skill level 9 in Maces & Flails
  5250 | Temple   | Entered the Ecumenical Temple
  5673 | D:6      | Found a burning altar of Makhleb.
  5695 | D:6      | Found a sacrificial altar of Ru.
  5705 | D:6      | Reached skill level 1 in Invocations
  5804 | D:6      | Found a broken altar of Ashenzari.
  6364 | D:6      | Found a shimmering altar of Xom.
  6378 | D:6      | Gained mutation: You have very sharp fingernails. [demonic
                  | ancestry]
  6378 | D:6      | Reached XP level 9. HP: 64/64 MP: 10/10
  6815 | D:7      | Reached *** piety under Okawaru
  6829 | D:7      | Found a sand-covered staircase.
  6843 | Ossuary  | Entered an ossuary
  7595 | D:7      | Reached skill level 10 in Maces & Flails
  8149 | D:7      | Noticed a gargoyle
  8165 | D:7      | Killed a gargoyle
  8166 | D:7      | Reached skill level 5 in Shields
  8508 | D:7      | Reached **** piety under Okawaru
  8739 | D:7      | Reached skill level 5 in Evocations
  9011 | D:8      | Reached XP level 10. HP: 68/68 MP: 13/13
  9248 | D:8      | Found a staircase to the Lair.
  9552 | D:8      | Reached skill level 5 in Invocations
  9585 | D:8      | Found an ancient bone altar of Kikubaaqudgha.
  9922 | D:8      | Found a runed translucent door.
  9924 | D:8      | Found a basalt altar of Yredelemnul.
  9977 | D:8      | Reached skill level 5 in Fighting
  9981 | D:8      | Reached skill level 11 in Maces & Flails
 10010 | D:8      | HP: 1/74 [poisoned by a water moccasin]
 10010 | D:8      | Mangled by a steam dragon

Illustrated notes

Levels and vault maps discovered:
D:1:      psy_arrival_terrarium, layout_loops_ring,
          hellmonk_ecumenical_altar_zigzags
D:2:      layout_loops_ring, serial_shops, shop
D:3:      layout_basic, mainiacjoe_overflow_small_starburst,
          kennysheep_generic_room_11, uniq_ijyb
D:4:      layout_basic, okawaru_ov_weapons_minmay, uniq_menkaure
D:5:      layout_rooms, mainiacjoe_overflow_concentric_impassable,
          mainiacjoe_overflow_24_doors, glass_columns_c, grunt_decor_clamped
D:6:      layout_loops_ring, nicolae_ru_great_annihilating_truth,
          bloody_makhleb, elyvilon_altar_3, led_xom_imps,
          nicolae_qazlal_scattered_showers, mainiacjoe_overflow_paths,
          temple_fountains, grunt_potential
D:7:      layout_rooms, nicolae_ossuary_entry_catacombs
D:8:      layout_loops_ring, mainiacjoe_overflow_brackets,
          dk_yredelemnul_ordeal, minmay_lair_entry_grove, corexii_corridor_pit,
          minmay_orc_keep
Temple:   nicolae_temple_colour_theory

Skill      XL: |  1  2  3  4  5  6  7  8  9 10 |
---------------+-------------------------------+-----
Maces & Flails | 2 3 4 5 6 8 9 10 11 | 11.1
Evocations     | 1 2 3 5 |  5.7
Shields        | 3 4 5 |  5.7
Invocations    | 2 4 5 |  5.8
Fighting       | 4 5 |  5.1
Armour         | 3 |  3.5

Action                   |  1- 3 |  4- 6 |  7- 9 | 10-12 || total
-------------------------+-------+-------+-------+-------++-------
Melee: Flail             |   147 |   135 |   227 |       ||   509
       Morningstar       |       |       |   286 |   125 ||   411
Invok: Heroism           |       |       |       |     2 ||     2
       Finesse           |       |       |       |     2 ||     2
Evoke: Wand              |       |       |     7 |     2 ||     9
  Use: Potion            |       |     6 |     7 |     4 ||    17
       Scroll            |       |     6 |    17 |     2 ||    25
 Stab: Invisible         |       |     1 |       |     1 ||     2
       Paralysed         |       |       |     6 |       ||     6
Armor: Scale mail        |    80 |       |       |       ||    80
       Plate armour      |     4 |    95 |   344 |    59 ||   502
       Skin              |       |     8 |       |       ||     8
Dodge: Dodged            |    74 |    25 |   119 |    24 ||   242
Block: Buckler           |    28 |    27 |   107 |    25 ||   187
